 Dungeon Crawl Stone Soup version 0.29.1-13-g9f3cf754e1 (webtiles) character file.

Game seed: 5219541831971143457

7 asiagoUnicorn the Grave Robber (level 1, 0/10 HPs)
             Began as a Deep Elf Necromancer on Jan 20, 2023.
             Slain by a jackal (1 damage)
             ... on level 1 of the Dungeon.
             The game lasted 00:03:29 (193 turns).

asiagoUnicorn the Grave Robber (DENe)                Turns: 193, Time: 00:03:30

Health: 0/10       AC:  2    Str:  5    XL:     1   Next: 91%
Magic:  4/6        EV: 12    Int: 19    God:
Gold:   39         SH:  0    Dex: 15    Spells: 5/6 levels left

rFire   . . .      SeeInvis .   c - +0 dagger
rCold   . . .      Faith    .   (no shield)
rNeg    . . .      Spirit   .   a - +0 robe
rPois   .          Reflect  .   (no helmet)
rElec   .          Harm     .   (no cloak)
rCorr   .          Rampage  .   (no gloves)
Will    .....                   (no boots)
Stlth   ++........              (no amulet)
HPRegen 0.03/turn               (no ring)
MPRegen 0.10/turn               (no ring)

@: no status effects
A: no striking features
a: no special abilities


You were on level 1 of the Dungeon.
You visited 1 branch of the dungeon, and saw 1 of its levels.

You collected 39 gold pieces.

Inventory:

Hand Weapons
 c - a +0 dagger (weapon)
Armour
 a - a +0 robe (worn)
Potions
 b - a potion of magic


   Skills:
 + Level 2.5 Dodging
 + Level 2.4 Stealth
 + Level 3.2 Spellcasting
 + Level 5.1 Necromancy


You had 5 spell levels left.
You knew the following spells:

 Your Spells              Type           Power      Damage    Failure   Level
a - Necrotise             Necr           88%        1d8       1%          1

Your spell library contained the following spells:

 Spells                   Type           Power      Damage    Failure   Level
 Vampiric Draining        Necr           22%        2d7       5%          3
 Animate Dead             Necr           22%        N/A       19%         4
 Agony                    Necr           22%        N/A       45%         5


Dungeon Overview and Level Annotations

Branches:
Dungeon (1/15)

Altars:


Message History

You kill the jackal!
The dead are walking!
The jackal bites your ball python skeleton.
Your jackal skeleton bites the dart slug but does no damage.
The dart slug briefly extends its eye-stalks.
The dart slug launches a dart at you. The slug dart hits you.
* * * LOW HITPOINT WARNING * * *
The jackal bites your ball python skeleton.
The jackal bites you but does no damage.
Your ball python skeleton bites the jackal.
Your ball python skeleton grabs the jackal.
Your ball python skeleton constricts the jackal.
Your jackal skeleton bites the dart slug.
The jackal struggles to escape constriction.
Your jackal skeleton closely misses the jackal.
Your ball python skeleton bites the jackal.
Your ball python skeleton constricts the jackal.
The jackal attacks as you move away! The jackal barely misses you.
Your jackal skeleton bites the dart slug.
The jackal bites your ball python skeleton.
Your ball python skeleton is destroyed!
The jackal bites your jackal skeleton.
Your jackal skeleton bites the jackal.
A goblin comes into view. It is wielding a +0 dagger.
Your jackal skeleton bites the dart slug.
The jackal bites your jackal skeleton.
Your jackal skeleton is destroyed!
The dart slug barely misses your jackal skeleton.
Your jackal skeleton bites the dart slug but does no damage.
Your jackal skeleton bites the dart slug but does no damage.
The dart slug bites your jackal skeleton.
Your jackal skeleton bites the dart slug.
The dart slug launches a dart at your jackal skeleton.
The slug dart hits your jackal skeleton.
Your jackal skeleton is destroyed!
The jackal attacks as you move away! The jackal barely misses you.
The jackal attacks as you move away! The jackal bites you.
* * * LOW HITPOINT WARNING * * *
The jackal bites you.
You die...

.#..#.....>.......~.....~~.......
.#.####......#...................
.#.# #..........................
...# #...####....................
..###...# ##.#........#.###.....
......## ###..##.........###.....
......# #....#...........###.#.#
.#...... .....#.........#.# #.#.#
........ .......@.........# ....#
######.##......#h.....##.....####
♣♣♣♣♣ .......#.h.....# .....
...<♣ ..#...#.......# ... ♣...♣
....#.#..##..## .. ....♣
..##......#8..8#... ..♣.♣
................# .♣♣.♣
###.......>........ .P♣.♣
##g...#8..8##....


You could see 2 jackals.

Vanquished Creatures
  An endoplasm (D:1)
  2 jackals (D:1)
  2 ball pythons (D:1)
  A bat (D:1)
  A frilled lizard (D:1)
  A spectral kobold (D:1)
8 creatures vanquished.

Vanquished Creatures (collateral kills)
  A ball python (D:1)
1 creature vanquished.

Grand Total: 9 creatures vanquished

Notes
Turn   | Place    | Note
-------+----------+-------------------------------------------
     0 | D:1      | asiagoUnicorn the Deep Elf Necromancer began the quest for
                  | the Orb.
     0 | D:1      | Reached XP level 1. HP: 10/10 MP: 6/6
   121 | D:1      | Found a faded altar of an unknown god.
   140 | D:1      | Reached skill level 5 in Necromancy
   193 | D:1      | Slain by a jackal

Illustrated notes

Levels and vault maps discovered:
D:1:      psy_arrival_fountain, layout_rooms,
          dreamdust_ecumenical_altar_drowned_temple, st_stairs_6,
          minmay_misc_feat_five, minmay_pentomino_x4

Skill      XL: |  1 |
---------------+----+-----
Necromancy     | 5 |  5.1
Dodging        | |  2.5
Stealth        | |  2.4
Spellcasting   | |  3.2

Action                   || total
-------------------------++-------
Melee: Dagger            ||    10
       Unarmed           ||     2
 Cast: Necrotise         ||    10
Armor: Robe              ||     4
Dodge: Dodged            ||    16
